 Dungeon Crawl Stone Soup version 0.30-a0-743-gbfdf073431 (webtiles) character file.

Game seed: 10350890506927459976

189 oldriver the Shooter (level 6, -1/48 HPs)
             Began as a Meteoran Hunter on Feb 6, 2023.
             Killed from afar by a white imp (9 damage)
             ... with a puff of frost
             ... on level 4 of the Dungeon.
             The game lasted 00:06:33 (1450 turns).

oldriver the Shooter (Meteoran Hunter)              Turns: 1450, Time: 00:06:33

Health: -1/48      AC:  5    Str: 12      XL:     6   Next: 21%
Magic:  7/7        EV: 12    Int: 11      God:
Gold:   172        SH:  0    Dex: 22 (23) Spells: 5/5 levels left

rFire   + . .      SeeInvis .    a - +0 shortbow
rCold   . . .      Faith    .    (shield currently unavailable)
rNeg    + . .      Spirit   .    c - +0 leather armour
rPois   .          Reflect  .    d - +1 helmet of Evosidiph {rF+ Dex+3}
rElec   .          Harm     .    (no cloak)
rCorr   .          Rampage  .    (no gloves)
Will    .....                    (no boots)
Stlth   +                        (no amulet)
HPRegen 0.28/turn                h - ring of positive energy
MPRegen 0.10/turn                (no ring)

@: mighty, glowing
A: sense surroundings 1, otherworldly, glowing, explore regen
a: no special abilities


You were on level 4 of the Dungeon.
You visited 1 branch of the dungeon, and saw 4 of its levels.

You collected 172 gold pieces.

Inventory:

Hand Weapons
 a - a +0 shortbow (weapon)
 o - a +1 whip of venom
Armour
 c - a +0 leather armour (worn)
 d - the +1 helmet of Evosidiph (worn) {rF+ Dex+3}
   (You acquired it on level 3 of the Dungeon)

   Dex:       It affects your dexterity (+3).
   rF:        It protects you from fire.
Jewellery
 h - a ring of positive energy (left hand)
Scrolls
 b - a scroll of immolation
Potions
 e - a potion of flight
 m - a potion of brilliance


   Skills:
 - Level 2.1 Fighting
 + Level 7.4 Ranged Weapons
 - Level 2.4 Dodging
 - Level 0.6 Stealth


You had 5 spell levels left.
You didn't know any spells.
Your spell library contained the following spells:

 Spells                   Type           Power      Damage    Failure   Level
 Chain Lightning          Conj/Air       0%         N/A       100%        9
 Fire Storm               Conj/Fire      0%         5d1       100%        9
 Shatter                  Erth           0%         3d5*      100%        9


Dungeon Overview and Level Annotations

Branches:
Dungeon (4/15) Zot: 900
 Temple: D:4-7

Altars:


Innate Abilities, Weirdness & Mutations

You passively map a small area around you.
You are easily found by Zot.
You glow in the dark.
You regain HP and MP as you explore.


Message History

The shadow imp gestures at you. Pain shoots through your body!
The white imp gestures at you. The puff of frost hits you.
You shoot an arrow. The arrow completely misses the quasit.
The quasit bites you but does no damage.
The quasit claws you but does no damage. x2
The quasit bites you but does no damage.
The quasit barely misses you. The quasit claws you.
You feel clumsy. The white imp closely misses you.
The shadow imp hits you but does no damage.
You shoot an arrow. The arrow misses the quasit.
The quasit bites you but does no damage.
The quasit misses you. x2; The white imp hits you.
The white imp freezes you.
* * * LOW HITPOINT WARNING * * *
The shadow imp closely misses you.
Okay, then.
You aren't carrying any items that you can evoke.
You feel very mighty all of a sudden. The quasit barely misses you.
The quasit claws you but does no damage.
The quasit misses you. The white imp hits you.
* * * LOW HITPOINT WARNING * * *
The white imp freezes you.
* * * LOW HITPOINT WARNING * * *
The shadow imp barely misses you.
The quasit bites you but does no damage.
The quasit claws you but does no damage.
The quasit barely misses you.
Fire: a) +0 shortbow
Press: ? - help, Shift-Dir - straight line, f/p - quasit
Aim: a quasit (lightly wounded, 47% to hit)
You shoot an arrow. The arrow misses the quasit.
The quasit bites you but does no damage.
The quasit closely misses you.
The quasit claws you but does no damage.
The white imp gestures at you. The puff of frost hits you!
You die...

* , ..##.. ....... , *, #
.............# * ..
............## ...
...#..............#. *
....#.....w...........#.
........................
....#.555....#......>...
#......@....###.........
*#..........###..........
....###.....##..........
... #......#.......<.. *
. #.#................ *
,.......♣♣..#.####... , *
, ......#....<#### ....
,, .#...##.♣.... ,..#.
...# #....... ..##.


You could see a quasit, a white imp, a shadow imp and a dart slug.

Vanquished Creatures
  Robin (D:3)
  6 gnolls
  An adder (D:2)
  A shadow imp (D:4)
  A white imp (D:4)
  2 ufetubi (D:4)
  A worm (D:3)
  2 dart slugs
  An orc (D:3)
  6 bats
  3 endoplasms
  2 giant cockroaches (D:2)
  17 goblins
  8 hobgoblins
  3 jackals (D:3)
  3 quokkas
  5 ball pythons
  4 frilled lizards
  4 kobolds
  6 rats
77 creatures vanquished.

Notes
Turn   | Place    | Note
-------+----------+-------------------------------------------
     0 | D:1      | oldriver the Meteoran Hunter began the quest for the Orb.
     0 | D:1      | Reached XP level 1. HP: 17/17 MP: 2/2
     2 | D:1      | Noticed a gargoyle
     2 | D:1      | Noticed a ghoul
     4 | D:1      | Noticed an armataur
     4 | D:1      | Noticed a tengu
     6 | D:1      | Noticed a vine stalker
     6 | D:1      | Noticed an octopode
     8 | D:1      | Noticed an elf
     8 | D:1      | Noticed a draconian
    10 | D:1      | Noticed a formicid
    12 | D:1      | Noticed a meteoran
    12 | D:1      | Noticed a vampire
    14 | D:1      | Noticed a naga
    16 | D:1      | Noticed a demonspawn
    16 | D:1      | Noticed an ogre
    18 | D:1      | Noticed a spriggan
    18 | D:1      | Noticed a human
    20 | D:1      | Noticed a felid
    20 | D:1      | Noticed a merfolk
    22 | D:1      | Noticed a minotaur
    24 | D:1      | Noticed an ogre
    24 | D:1      | Noticed a troll
    26 | D:1      | Noticed a vampire
    84 | D:1      | Reached XP level 2. HP: 18/24 MP: 3/3
   153 | D:1      | Reached skill level 5 in Ranged Weapons
   277 | D:1      | Reached XP level 3. HP: 26/29 MP: 4/4
   398 | D:1      | Reached XP level 4. HP: 9/36 MP: 5/5
   430 | D:1      | Found a faded altar of an unknown god.
   514 | D:2      | Reached skill level 6 in Ranged Weapons
   640 | D:2      | Reached XP level 5. HP: 19/41 MP: 6/6
  1175 | D:3      | Noticed Robin
  1198 | D:3      | Killed Robin
  1199 | D:3      | Reached skill level 7 in Ranged Weapons
  1245 | D:3      | Reached XP level 6. HP: 46/48 MP: 7/7
  1389 | D:3      | Identified a scroll of acquirement
  1389 | D:3      | Acquired the +1 helmet of Evosidiph {rF+ Dex+3}
  1450 | D:4      | Killed from afar by a white imp

Illustrated notes

Levels and vault maps discovered:
D:1:      kb_arrival_jail, layout_loops_ring,
          shapermc_ecumenical_altar_flowoftime
D:2:      layout_basic
D:3:      layout_loops_ring, uniq_robin
D:4:      layout_cave_pools, serial_demonic, serial_demonic_f, serial_demonic_a,
          serial_demonic_a, serial_demonic_e, kennysheep_cross_room

Skill      XL: |  1  2  3  4  5 |
---------------+----------------+-----
Ranged Weapons | 5 6 7 |  7.4
Fighting       | |  2.1
Dodging        | |  2.4
Stealth        | |  0.6

Action                     |  1- 3 |  4- 6 || total
---------------------------+-------+-------++-------
   Fire: Shortbow          |    56 |   162 ||   218
    Use: Potion            |       |     3 ||     3
         Scroll            |       |     9 ||     9
 Armour: Leather armour    |     8 |    46 ||    54
         Skin              |       |    34 ||    34
  Dodge: Dodged            |    22 |    92 ||   114

Table legend: (Time is in decaauts)
 A = Elapsed time spent in this place.
 B = Non-inter-level travel time spent in this place.
 C = Inter-level travel time spent in this place.
 D = Time resting spent in this place.
 E = Time spent auto-exploring this place.
 F = Levels seen in this place.
 G = Mean time per level.
                   A        B        C        D        E       F      G
               +--------+--------+--------+--------+--------+-----+--------+
         Total |   1498 |   1411 |     87 |      4 |      0 |   4 |  374.5 |
       Dungeon |   1498 |   1411 |     87 |      4 |      0 |   4 |  374.5 |
               +--------+--------+--------+--------+--------+-----+--------+

Top non-repeatable levels by time:
     D:1: 505 daAuts
     D:2: 468 daAuts
     D:3: 462 daAuts
     D:4: 62 daAuts
